 Dungeon Crawl Stone Soup version 0.29-a0-581-ge9a90b782e (webtiles) character file.

Game seed: 14937419126630147301

238 Nedwor the Cudgeller (level 6, 0/37 HPs)
             Began as a Gargoyle Gladiator on June 14, 2022.
             Killed by divine providence
             ... invoked by an orc priest
              (11 damage)
             ... on level 4 of the Dungeon.
             The game lasted 00:04:59 (3268 turns).

Nedwor the Cudgeller (Gargoyle Gladiator)           Turns: 3268, Time: 00:04:59

Health: 0/37       AC: 11    Str: 20    XL:     6   Next: 7%
Magic:  6/6        EV: 12    Int:  8    God:
Gold:   197        SH:  0    Dex: 17    Spells: 5/5 levels left

rFire   . . .      SeeInvis .   a - +0 flail
rCold   . . .      Faith    .   (no shield)
rNeg    + . .      Spirit   .   l - +0 ring mail
rPois   ∞          Reflect  .   b - +0 helmet
rElec   +          Harm     .   (no cloak)
rCorr   .          Rampage  .   (no gloves)
Will    .....                   (no boots)
Stlth   +.........              (no amulet)
HPRegen 0.12/turn               p - +6 ring of dexterity
MPRegen 0.10/turn               (no ring)

@: very slow
A: sickness immunity, AC +4, negative energy resistance 1, electricity
resistance, torment resistance 1, petrification resistance
a: no special abilities


You were on level 4 of the Dungeon.
You visited 1 branch of the dungeon, and saw 4 of its levels.

You collected 223 gold pieces.
You spent 26 gold pieces at shops.

Inventory:

Hand Weapons
 a - a +0 flail (weapon)
Missiles
 d - 3 throwing nets (quivered)
Armour
 b - a +0 helmet (worn)
 l - a +0 ring mail (worn)
Jewellery
 p - a +6 ring of dexterity (left hand)
Scrolls
 e - 2 scrolls of identify
 f - a scroll of teleportation {unknown}
 g - 2 scrolls of fog {unknown}
 h - a scroll of enchant weapon {unknown}
 j - a scroll of poison {unknown}
 k - a scroll of immolation {unknown}
 m - a scroll of noise {unknown}
 r - a scroll of enchant armour {unknown}
 s - 4 scrolls of fear {unknown}
Potions
 c - 2 potions of heal wounds
 i - 4 potions of flight
 n - a potion of invisibility
 o - a potion of mutation {unknown}
 q - 2 potions of might {unknown}
 t - a potion of cancellation {unknown}
 u - a potion of attraction {unknown}


   Skills:
 + Level 3.4 Fighting
 * Level 4.7 Maces & Flails
 - Level 1.7 Throwing
 + Level 2.6 Armour
 + Level 3.2 Dodging


You had 5 spell levels left.
You didn't know any spells.
Your spell library was empty.

Dungeon Overview and Level Annotations

Branches:
Dungeon (4/15)
 Temple: D:4-7

Altars:
Ashenzari

Shops:
D:1 ?


Innate Abilities, Weirdness & Mutations

You are immune to sickness and miasma.
Your stone body is resilient. (AC +4)
You are immune to poison.
You resist negative energy. (rN+)
You are resistant to electric shocks. (rElec)
You are resistant to unholy torment.
You are immune to petrification.


Message History

Beogh smites you!
A quokka comes into view.
An orc comes into view. It is wielding a +0 short sword.
The orc priest hits you but does no damage.
An endoplasm comes into view.
The orc priest hits you with a +0 flail.
The endoplasm quivers.
You hit the plant.
The plant begins to die.
The plant is lightly damaged.
The orc priest hits you with a +0 flail.
You hit the plant.
The plant is lightly damaged.
The orc priest invokes the aid of Beogh against you.
Pain shoots through your body!
Your unstable footing causes you to fumble your attack.
The orc priest barely misses you. The orc barely misses you.
The quokka bites the plant.
The plant begins to die.
You hit the plant.
The plant is lightly damaged.
A nearby plant withers and dies.
The orc priest barely misses you.
The orc splashes around in the water.
The quokka bites the plant.
The orc priest hits you but does no damage.
Unknown command.
You barely miss the orc.
The quokka splashes around in the water.
The orc hits you but does no damage.
The endoplasm splashes around in the water.
The orc splashes around in the water.
The quokka bites the plant.
The orc priest misses you. The orc hits you but does no damage.
You closely miss the orc.
The endoplasm hits the plant.
The plant begins to die.
The quokka bites the plant.
The orc priest hits you with a +0 flail!
* * * LOW HITPOINT WARNING * * *
The orc closely misses you.
The orc splashes around in the water.
Your unstable footing causes you to fumble your attack.
A nearby plant withers and dies.
The endoplasm splashes around in the water.
The orc priest calls down the wrath of Beogh upon you.
Beogh smites you!
You die...

≈.≈≈≈ ..... ≈≈.≈≈≈ . .....
≈≈.≈≈≈≈ ♣ # ......
♣≈≈.≈≈≈≈≈ ♣. # ......
♣♣≈≈.≈≈≈≈≈≈ ♣.##
♣...J♣♣♣≈≈≈.≈≈P≈≈≈ #..#
≈≈♣♣≈P≈o≈≈≈≈.≈≈≈≈≈PP.#...
≈≈≈≈≈≈rP@≈P≈.≈PP≈P♣......
≈≈≈≈P≈≈oo≈≈≈.≈≈≈≈P.... #.
.......o......≈≈♣....# #.
≈≈≈≈≈≈≈≈≈≈≈≈..≈≈.#...###.
P≈♣♣♣♣≈P≈≈♣♣..(.####..#...
≈P≈♣♣≈♣♣♣♣♣.......##..#÷..
♣≈.....≈≈♣................
#.........................
...........<..............


You could see an orc priest, 3 orcs, an endoplasm and a quokka.

Vanquished Creatures
  An ogre (D:4)
  2 orc wizards (D:3)
  5 adders
  A dart slug (D:2)
  2 worms (D:2)
  An orc (D:3)
  8 ball pythons
  4 endoplasms
  4 giant cockroaches
  7 goblins
  4 hobgoblins
  2 quokkas
  6 bats
  A frilled lizard (D:1)
  5 kobolds
  5 rats
58 creatures vanquished.

Vanquished Creatures (others)
  10 plants (D:4)
10 creatures vanquished.

Grand Total: 68 creatures vanquished

Notes
Turn   | Place    | Note
-------+----------+-------------------------------------------
     0 | D:1      | Nedwor the Gargoyle Gladiator began the quest for the Orb.
     0 | D:1      | Reached XP level 1. HP: 12/12 MP: 1/1
   250 | D:1      | Reached XP level 2. HP: 18/18 MP: 2/2
   914 | D:1      | Found a faded altar of an unknown god.
  1192 | D:1      | Found Gophor's Magic Scroll Emporium.
  1225 | D:1      | Bought a scroll of identify for 26 gold pieces
  1312 | D:2      | Reached skill level 1 in Armour
  1404 | D:2      | Reached XP level 3. HP: 19/22 MP: 3/3
  1995 | D:2      | Reached XP level 4. HP: 27/27 MP: 4/4
  2056 | D:2      | Found a broken altar of Ashenzari.
  2445 | D:3      | Reached skill level 4 in Maces & Flails
  2825 | D:3      | Reached XP level 5. HP: 24/32 MP: 5/5
  3051 | D:4      | Noticed an ogre
  3060 | D:4      | Killed an ogre
  3061 | D:4      | Reached XP level 6. HP: 21/37 MP: 6/6
  3268 | D:4      | Killed from afar by an orc priest

Illustrated notes

Levels and vault maps discovered:
D:1:      roderic_chinese_lattice_arrival, layout_loops_ring, serial_shops,
          shop_scrolls, basic_ecumenical_altar,
          wander_ebering_terrifying_dragon_lair
D:2:      layout_basic, basic_altar
D:3:      layout_loops_ring, minmay_misc_feat_iff, kennysheep_minor_cross
D:4:      layout_cave_pools, grunt_decor_one_mirror, serial_bayou_lagoon_b,
          uniq_grinder

Skill      XL: |  1  2  3  4  5 |
---------------+----------------+-----
Armour         | 1 2 |  2.6
Maces & Flails | 4 |  4.7
Fighting       | 3 |  3.4
Dodging        | 3 |  3.2
Throwing       | |  1.7

Action                   |  1- 3 |  4- 6 || total
-------------------------+-------+-------++-------
Melee: Flail             |    93 |    98 ||   191
       Punch             |     1 |       ||     1
Throw: Javelin           |     4 |       ||     4
       Throwing net      |     2 |       ||     2
  Use: Scroll            |     1 |     2 ||     3
 Stab: Held in net/web   |     1 |       ||     1
Armor: Leather armour    |    10 |       ||    10
       Ring mail         |    29 |    51 ||    80
Dodge: Dodged            |    63 |    48 ||   111

Table legend: (Time is in decaauts)
 A = Elapsed time spent in this place.
 B = Non-inter-level travel time spent in this place.
 C = Inter-level travel time spent in this place.
 D = Time resting spent in this place.
 E = Time spent auto-exploring this place.
 F = Levels seen in this place.
 G = Mean time per level.
                   A        B        C        D        E       F      G
               +--------+--------+--------+--------+--------+-----+--------+
         Total |   3309 |   3201 |    108 |    508 |   2189 |   4 |  827.2 |
       Dungeon |   3309 |   3201 |    108 |    508 |   2189 |   4 |  827.2 |
               +--------+--------+--------+--------+--------+-----+--------+

Top non-repeatable levels by time:
     D:1: 1260 daAuts
     D:3: 925 daAuts
     D:2: 850 daAuts
     D:4: 273 daAuts
